General information
- name: 1v1 + Obs! Christmas Games #15
- type: Custom game
- host: ChristmasYUMMI
- saver: m4ph4x
map: TerenasStand
- players: 11
- length: 23:20
- speed: Fast
- version: 1.21 W3XP
- replay type: Public
» download(119 KB)
Players
team 1 (winner)
ChristmasYUMMI (
pink | 206 APM | 4819 actions | 23:20)
6 Archmage
3 Summon Water Elemental
2 Brilliance Aura
1 Mass Teleport
3 Mountain King
2 Storm Bolt
1 Thunder Clap
» actions
| Assign group hotkey | 288 | |
| Basic commands | 23 | |
| Build / train | 135 | |
| Enter build submenu | 50 | |
| Enter hero's abilities submenu | 9 | |
| Give item / drop item | 5 | |
| Remove unit from queue | 2 | |
| Right click | 2171 | |
| Select / deselect | 915 | |
| Select group hotkey | 1005 | |
| Use ability | 214 | |
4819 total
» units
| Peasant | 23 | |
| Footman | 12 | |
| Goblin Zeppelin | 2 | |
| Rifleman | 2 | |
| Sorceress | 2 | |
| Flying Machine | 1 | |
| Dragonhawk Rider | 1 | |
| Knight | 6 | |
| Mortar Team | 3 | |
| Gryphon Rider | 7 | |
| Spell Breaker | 3 | |
62 total
» buildings
| Altar of Kings | 3 | |
| Farm | 16 | |
| Barracks | 2 | |
| Scout Tower | 15 | |
| Town Hall | 2 | |
| Arcane Tower | 3 | |
| Arcane Vault | 1 | |
| Keep | 1 | |
| Lumber Mill | 1 | |
| Guard Tower | 18 | |
| Blacksmith | 1 | |
| Castle | 2 | |
| Arcane Sanctum | 2 | |
| Workshop | 1 | |
| Gryphon Aviary | 2 | |
70 total
» build order
00:02 Altar of Kings
00:03 Altar of Kings
00:07 Altar of Kings
00:17 Farm
00:20 Barracks
00:57 Farm
01:51 Farm
02:52 Scout Tower
03:15 Town Hall
03:41 Scout Tower
03:51 Scout Tower
04:06 Farm
04:11 Arcane Tower
04:11 Arcane Tower
04:39 Arcane Vault
05:43 Keep
05:53 Lumber Mill
06:10 Arcane Tower
06:21 Scout Tower
07:04 Scout Tower
07:11 Guard Tower
07:21 Scout Tower
07:21 Scout Tower
07:23 Scout Tower
07:25 Blacksmith
07:31 Guard Tower
07:32 Scout Tower
07:56 Guard Tower
07:56 Guard Tower
09:07 Guard Tower
09:07 Guard Tower
09:57 Castle
09:57 Castle
10:08 Guard Tower
10:09 Guard Tower
10:11 Arcane Sanctum
10:47 Workshop
10:50 Farm
10:53 Scout Tower
11:20 Scout Tower
11:20 Scout Tower
11:26 Gryphon Aviary
11:53 Guard Tower
11:53 Guard Tower
13:01 Guard Tower
14:12 Arcane Sanctum
14:13 Barracks
14:25 Farm
14:27 Farm
14:27 Farm
14:38 Farm
15:37 Gryphon Aviary
17:12 Farm
17:37 Farm
17:38 Farm
17:44 Farm
17:45 Farm
17:45 Farm
17:49 Farm
21:05 Scout Tower
21:19 Scout Tower
21:20 Scout Tower
21:37 Guard Tower
21:38 Guard Tower
21:48 Guard Tower
21:48 Guard Tower
22:17 Town Hall
» items
| Scroll of Regeneration | 10 | |
| Lesser Clarity Potion | 3 | |
| Potion of Healing | 7 | |
| Potion of Mana | 4 | |
| Staff of Sanctuary | 3 | |
| Scroll of Town Portal | 2 | |
| Ivory Tower | 3 | |
32 total
team 2 (loser)

»
m4ph4x (
orange | 128 APM | 2990 actions | 23:20)
4 Dark Ranger
2 Black Arrow
2 Silence
6 Pandaren Brewmaster
3 Breath of Fire
3 Drunken Haze
» actions
| Assign group hotkey | 67 | |
| Basic commands | 36 | |
| Build / train | 79 | |
| ESC pressed | 4 | |
| Enter build submenu | 19 | |
| Enter hero's abilities submenu | 10 | |
| Give item / drop item | 7 | |
| Right click | 1591 | |
| Select / deselect | 544 | |
| Select group hotkey | 466 | |
| Use ability | 167 | |
2990 total
» units
| Wisp | 21 | |
| Archer | 8 | |
| Dryad | 10 | |
| Goblin Zeppelin | 1 | |
| Druid of the Claw | 5 | |
45 total
» upgrades
| Abolish Magic | 1 | |
| Druid of the Claw Training | 2 | |
| Well Spring | 1 | |
| Nature's Blessing | 1 | |
5 total
» buildings
| Moon Well | 5 | |
| Ancient of War | 1 | |
| Altar of Elders | 1 | |
| Tree of Ages | 1 | |
| Hunter's Hall | 1 | |
| Ancient of Lore | 5 | |
| Ancient of Wonders | 1 | |
| Tree of Life | 2 | |
| Ancient Protector | 1 | |
| Tree of Eternity | 1 | |
19 total
» build order
00:10 Moon Well
00:29 Ancient of War
00:47 Altar of Elders
01:13 Moon Well
02:42 Moon Well
03:28 Tree of Ages
03:54 Hunter's Hall
06:03 Ancient of Lore
06:07 Ancient of Lore
06:10 Ancient of Lore
06:12 Ancient of Wonders
07:16 Ancient of Lore
08:39 Tree of Life
08:41 Tree of Life
09:12 Ancient Protector
10:42 Tree of Eternity
10:44 Moon Well
10:45 Moon Well
17:02 Ancient of Lore
» items
| Staff of Preservation | 2 | |
| Potion of Healing | 3 | |
| Lesser Clarity Potion | 4 | |
| Scroll of Town Portal | 2 | |
| Orb of Venom | 1 | |
| Potion of Mana | 1 | |
| Potion of Lesser Invulnerability | 1 | |
| Scroll of Healing | 1 | |
15 total
observersPeaceAndL0ve,
ArTuRiOsTyLeR,
ThuNdeR-iMpaCt,
Bowserica,
KlamP,
GT1001,
Menschenbrecher,
DrEaMyOuRgAmE,
whatever12 Chat log
(19:26 / All) m4ph4x: forgot revive dr
(19:26 / All) m4ph4x: tt
(22:47 / All) m4ph4x: maphacker
(22:50 / All) ChristmasYUMMI: ehm
(22:54 / All) ChristmasYUMMI: i saw you
(23:14 / All) m4ph4x: bg
(23:17 / All) m4ph4x: ur maphack